 Dungeon Crawl Stone Soup version 0.21.0-3-g78d12a8bdd (webtiles) character file.

91323 KamiKatze the Slicer (level 16, 0/84 HPs)
             Began as a Vine Stalker Fighter on Jan 12, 2018.
             Was a Follower of Uskayaw.
             Slain by an entropy weaver (12 damage)
             ... on level 1 of the Spider Nest on Jan 13, 2018.
             The game lasted 02:46:03 (26411 turns).

KamiKatze the Slicer (Vine Stalker Fighter)        Turns: 26411, Time: 02:46:04

Health: 0/84       AC:  5    Str: 24    XL:     16   Next: 3%
Magic:  0/23       EV: 19    Int:  8    God:    Uskayaw [*.....]
Gold:   1724       SH:  0    Dex: 14    Spells: 15/15 levels left

rFire    + . .     SeeInvis +   w - +0 short sword (venom)
rCold    + . .     Gourm    .   c - +1 shield
rNeg     + . .     Faith    .   d - +6 scale mail of Inference {rElec}
rPois    +         Spirit   +   h - +2 hat {MR+}
rElec    +         Reflect  .   B - scarf {rC+ rF+}
rCorr    +         Harm     .   D - +2 pair of gloves "Tatoeph" {rPois rN+ rCorr Dex-2}
MR       +++..                  y - +0 pair of boots
Stlth    ..........             k - amulet of rage
HPRegen  1.04/turn              e - ring of see invisible
MPRegen  0.18/turn              U - +5 ring of evasion

@: confused, corroded
A: fangs 3, regeneration 2, magic shield, antimagic bite, no potion heal 3, rot
immunity
a: Stomp, Renounce Religion, Evoke Berserk Rage


You were on level 1 of the Spider Nest.
You worshipped Uskayaw.
Uskayaw was aware of your devotion.
You were not hungry.

You visited 5 branches of the dungeon, and saw 25 of its levels.
You also visited: Ice Cave.

You collected 2343 gold pieces.
You spent 619 gold pieces at shops.

Inventory:

Hand Weapons
 a - a +1 rapier of flaming
 b - a +3 rapier
 w - a +0 short sword of venom (weapon)
Missiles
 u - a throwing net
 C - 30 tomahawks
 F - 8 javelins (quivered)
Armour
 c - a +1 shield (worn)
 d - the +6 scale mail of Inference (worn) {rElec}
   (You bought it in a shop on level 2 of the Orcish Mines)

   It insulates you from electricity.
 h - a +2 hat of magic resistance (worn)
 y - a +0 pair of boots (worn)
 B - a scarf of resistance (worn)
 D - the +2 pair of gloves "Tatoeph" (worn) {rPois rN+ rCorr Dex-2}
   (You acquired it on level 6 of the Lair of Beasts)

   It affects your dexterity (-2).
   It protects you from poison.
   It protects you from negative energy.
   It protects you from acid and corrosion.
Jewellery
 e - a ring of see invisible (left hand)
 k - an amulet of rage (around neck)
 O - the ring of the Mage {Wiz MR++ Int+3}
   (You found it on level 4 of the Lair of Beasts)

   [ring of wizardry]

   It improves your spell success rate.
   It affects your intelligence (+3).
   It affects your resistance to hostile enchantments.
 U - a +5 ring of evasion (right hand)
Wands
 i - a wand of paralysis (8)
 n - a wand of disintegration (27)
 o - a wand of iceblast (32)
 q - a wand of acid (21)
 t - a wand of flame (22)
 z - a wand of polymorph (57)
 E - a wand of clouds (4)
 J - a wand of digging (9)
 V - a wand of scattershot (7)
Scrolls
 l - a scroll of blinking
 m - 17 scrolls of remove curse
 p - 4 scrolls of teleportation
 v - 3 scrolls of fog
 K - 2 scrolls of magic mapping
 M - 15 scrolls of identify
 S - a scroll of fear
Potions
 r - 2 potions of haste
 x - 8 potions of curing
 H - 4 potions of magic
 L - 2 potions of cancellation
 N - 2 potions of agility
 Q - 2 potions of lignification
 R - 2 potions of flight
Comestibles
 f - 57 rations


   Skills:
 * Level 9.5 Fighting
 - Level 14.0 Short Blades
 * Level 10.8 Armour
 * Level 8.1 Dodging
 * Level 9.5 Shields
 + Level 9.0 Invocations
 + Level 6.6 Evocations


You had 15 spell levels left.
You didn't know any spells.

Dungeon Overview and Level Annotations

Branches:
Dungeon (15/15)            Temple (1/1) D:4            Lair (6/6) D:10
 Shoals (0/4) Lair:3       Spider (1/4) Lair:4        Slime (0/5) Lair:6
    Orc (2/2) D:11            Elf (0/3) Orc:2        Vaults (0/5) D:13
 Depths (0/5) D:15

Altars:
Ashenzari
Cheibriados
Dithmenos
Elyvilon
Fedhas
Gozag
Hepliaklqana
Kikubaaqudgha
Makhleb
Nemelex Xobeh
Okawaru
Qazlal
Ru
Sif Muna
Trog
Uskayaw
Vehumet
Wu Jian
Xom
Yredelemnul
Zin
The Shining One
Beogh

Shops:
D:14 (   Orc:2 ?[=*

Annotations:
D:15 exclusion: Roxanne, Roxanne
Lair:2 fly W9
Lair:4 exclusion: 4 oklob plants
Lair:6 exclusion: 3 oklob plants


Innate Abilities, Weirdness & Mutations

You have razor-sharp teeth.
You heal very quickly.
When hurt, damage is shared between your health and your magic reserves.
Your bite disrupts and absorbs the magic of your enemies.
Potions cannot restore your health.
You are immune to rotting.


Message History

The entropy weaver hits you.
* * * LOW HITPOINT WARNING * * *
The tarantella bites you.
* * * LOW HITPOINT WARNING * * *
The tarantella looks more healthy.
The entropy weaver hits you but does no damage.
The entropy weaver hits you.
* * * LOW HITPOINT WARNING * * *
The entropy weaver completely misses you.
The entropy weaver hits you but does no damage.
The entropy weaver mumbles some strange words.
The entropic weave corrodes you! The tarantella closely misses you.
You're too confused to move!
The tarantella misses you.
The entropy weaver hits you but does no damage.
The entropy weaver hits you.
* * * LOW HITPOINT WARNING * * *
The entropy weaver hits you.
* * * LOW HITPOINT WARNING * * *
The entropy weaver hits you!
You die...

##.........##......##
#...................#
#...................##
.....................#
.....................#
....................##
......#.............#
......#........a....#
##...#.........s@..##
....##.............#
###.#..............#
#.......y........#.#
........#.###....#.##
.......##...†.%.....##
........####.........#
........###.........##
.......a##...>......#


You could see an entropy weaver and a tarantella.

Vanquished Creatures
  Gastronok (Lair:3)
  An azure jelly (shapeshifter) (D:14)
  A frost giant (D:15)
  An orc warlord (Orc:1)
  Nessos (Orc:2)
  An ettin (Orc:2)
  Snorg (D:14)
  A fire dragon (Lair:2)
  Erolcha (Orc:2)
  3 hydras
  Erica (D:11)
  2 centaur warriors
  An ogre mage (D:13)
  8 two-headed ogres
  The ghost of BreadTh the Eclecticist, a journeyman SpWz of Gozag (D:11)
  5 orc high priests (Orc:2)
  Sonja (Lair:1)
  10 spriggans (Lair:6)
  Nergalle (D:10)
  4 skeletal warriors
  A fire crab (Lair:5)
  An unseen horror (D:14)
  4 orc knights
  A necromancer (IceCv)
  An orb spider (Spider:1)
  4 oklob plants (Lair:6)
  A cyclops (D:15)
  9 elephants (Lair:5)
  3 orc sorcerers
  2 manticores
  7 ugly things
  A salamander (Lair:2)
  3 black mambas
  An ice statue (IceCv)
  A molten gargoyle (Lair:2)
  Psyche (D:8)
  12 spiny frogs
  An efreet (D:15)
  2 rime drakes
  A demonic crawler (Spider:1)
  8 komodo dragons
  11 freezing wraiths
  7 trolls
  2 tengu conjurers
  A queen bee (D:9)
  2 jumping spiders (Spider:1)
  5 polar bears
  7 hornets (Lair:6)
  A blink frog (Lair:6)
  13 hippogriffs
  6 slime creatures (D:14)
  A tarantella (Spider:1)
  A shadow (D:10)
  4 wyverns
  Sigmund (D:3)
  2 redbacks (Spider:1)
  34 yaks
  A wraith (D:14)
  A human (D:10)
  4 fire bats (Lair:2)
  3 basilisks
  A death yak simulacrum (IceCv)
  Eustachio (D:4)
  A steam dragon (Lair:3)
  3 hungry ghosts
  4 hogs (D:10)
  4 wargs
  An acid dragon (D:14)
  Edmund (D:4)
  4 porcupines
  11 water moccasins
  25 orc warriors
  9 ice beasts
  4 sky beasts
  4 black bears
  A hornet zombie (D:9)
  6 phantoms
  9 boggarts
  13 ogres
  27 wolves
  7 centaurs
  11 crocodiles
  3 big kobolds
  A gnoll sergeant (D:12)
  14 bullfrogs
  4 scorpions
  2 wyvern skeletons
  33 killer bees
  8 wights
  2 howler monkeys
  12 crimson imps
  7 centaur zombies
  2 draconian simulacra (IceCv)
  2 hounds
  24 orc priests
  3 centaur skeletons
  5 jellies
  5 bullfrog skeletons
  A gnoll shaman (Orc:1)
  An iguana (D:5)
  Terence (D:3)
  Natasha (thrice) (D:4 D:5)
  37 orc wizards
  9 worker ants
  A spriggan simulacrum (IceCv)
  11 troll simulacra (IceCv)
  A polar bear simulacrum (IceCv)
  2 wolf simulacra (IceCv)
  2 centaur simulacra (IceCv)
  A hound skeleton (D:10)
  A howler monkey zombie (D:11)
  Robin (D:2)
  7 adders
  8 gnolls
  3 naga simulacra (IceCv)
  An ogre simulacrum (IceCv)
  A river rat (D:10)
  2 shadow imps
  12 white imps (IceCv)
  3 oozes
  An adder zombie (D:6)
  A worm (D:3)
  4 dart slugs
  3 leopard geckos
  109 orcs
  14 bats
  8 giant cockroaches
  26 goblins
  13 hobgoblins
  7 jackals
  21 kobolds
  5 quokkas
  A ball python (D:1)
  2 frilled lizards
  A quokka skeleton (D:9)
  8 rats
  A fungus (Lair:1)
  A plant (Lair:6)
827 creatures vanquished.

Vanquished Creatures (others)
  2 slime creatures (D:14)
  An orc (D:9)
  24 fungi
  18 plants
45 creatures vanquished.

Grand Total: 872 creatures vanquished

Notes
Turn   | Place    | Note
-------+----------+-------------------------------------------
     0 | D:1      | KamiKatze the Vine Stalker Fighter began the quest for the Orb.
     0 | D:1      | Reached XP level 1. HP: 11/11 MP: 2/2
    63 | D:1      | Reached skill level 2 in Short Blades
    63 | D:1      | Reached XP level 2. HP: 16/16 MP: 3/3
   228 | D:1      | Reached XP level 3. HP: 11/19 MP: 2/4
   834 | D:2      | Gained mutation: Your natural rate of healing is unusually fast. [Vine Stalker growth]
   834 | D:2      | Reached XP level 4. HP: 22/24 MP: 5/5
  1160 | D:2      | Noticed Robin
  1449 | D:3      | Reached XP level 5. HP: 26/28 MP: 4/6
  1462 | D:3      | Reached skill level 3 in Short Blades
  1606 | D:2      | Killed Robin
  1835 | D:3      | Noticed Sigmund
  1840 | D:3      | Killed Sigmund
  1840 | D:3      | Reached XP level 6. HP: 25/32 MP: 4/7
  1901 | D:3      | Noticed Terence
  1942 | D:3      | Killed Terence
  2288 | D:4      | Found a staircase to the Ecumenical Temple.
  2298 | Temple   | Entered the Ecumenical Temple
  2504 | Temple   | Became a worshipper of Uskayaw the Reveler
  2755 | D:4      | Reached * piety under Uskayaw
  2756 | D:4      | Noticed Natasha
  2758 | D:4      | Reached skill level 4 in Short Blades
  2758 | D:4      | Reached ** piety under Uskayaw
  2761 | D:4      | Reached *** piety under Uskayaw
  2762 | D:4      | Killed Natasha
  2762 | D:4      | Reached XP level 7. HP: 37/37 MP: 8/8
  2805 | D:4      | Reached **** piety under Uskayaw
  3017 | D:4      | Noticed Edmund
  3180 | D:4      | Noticed Eustachio
  3207 | D:5      | Entered Level 5 of the Dungeon
  3207 | D:5      | Noticed Natasha
  3218 | D:5      | Killed Natasha
  3285 | D:5      | Noticed Natasha
  3289 | D:5      | Killed Natasha
  3397 | D:5      | Reached skill level 5 in Armour
  3397 | D:5      | Gained mutation: You have razor-sharp teeth. [Vine Stalker growth]
  3397 | D:5      | Reached XP level 8. HP: 42/42 MP: 9/9
  3438 | D:5      | Reached skill level 5 in Short Blades
  3457 | D:5      | Found a shattered altar of Ashenzari.
  3715 | D:5      | Reached skill level 1 in Invocations
  3777 | D:5      | Reached skill level 1 in Dodging
  4224 | D:6      | Reached XP level 9. HP: 43/46 MP: 11/11
  4813 | D:6      | Reached skill level 6 in Short Blades
  5013 | D:7      | Found a hazy altar of Hepliaklqana.
  5474 | D:7      | Reached skill level 5 in Shields
  5660 | D:7      | Reached skill level 5 in Fighting
  5851 | D:4      | Killed Edmund
  5916 | D:4      | Killed Eustachio
  5928 | D:4      | Found a snail-covered altar of Cheibriados.
  6431 | D:8      | Noticed a two-headed ogre
  6559 | D:8      | Killed a two-headed ogre
  6559 | D:8      | Reached skill level 7 in Short Blades
  6559 | D:8      | Reached XP level 10. HP: 30/51 MP: 7/13
  6750 | D:8      | Noticed Psyche
  7063 | D:9      | Noticed a two-headed ogre
  7081 | D:9      | Killed a two-headed ogre
  7098 | D:9      | Reached ***** piety under Uskayaw
  7659 | D:9      | Reached skill level 8 in Short Blades
  7802 | D:8      | Reached XP level 11. HP: 53/56 MP: 15/15
  7825 | D:8      | Killed Psyche
  8276 | D:10     | Entered Level 10 of the Dungeon
  8405 | D:10     | Reached skill level 5 in Invocations
  8567 | D:10     | Noticed a two-headed ogre
  8605 | D:10     | Killed a two-headed ogre
  8839 | D:10     | Reached skill level 9 in Short Blades
  8966 | D:10     | Found a staircase to the Lair.
  9304 | D:10     | Noticed Nergalle
  9325 | D:10     | Killed Nergalle
  9325 | D:10     | Gained mutation: You heal very quickly. [Vine Stalker growth]
  9325 | D:10     | Reached XP level 12. HP: 54/62 MP: 10/17
 10057 | D:11     | Found a staircase to the Orcish Mines.
 10155 | D:11     | Noticed BreadTh's ghost (journeyman SpWz)
 10173 | D:11     | Killed BreadTh's ghost
 10437 | D:11     | Noticed Erica
 10450 | D:11     | Killed Erica
 10524 | D:11     | Found a roughly hewn altar of Beogh.
 10536 | D:11     | Reached skill level 5 in Dodging
 10556 | D:11     | Reached skill level 1 in Evocations
 10563 | D:11     | Reached ****** piety under Uskayaw
 10897 | Lair:1   | Entered Level 1 of the Lair of Beasts
 11001 | Lair:1   | Got a faintly humming ring mail
 11351 | Lair:1   | Noticed an eight-headed hydra
 11385 | Lair:1   | Killed an eight-headed hydra
 11497 | Lair:1   | Noticed Sonja
 11579 | Lair:1   | Killed Sonja
 11579 | Lair:1   | Reached skill level 10 in Short Blades
 11658 | Lair:1   | Identified the +5 ring mail of the Crushed Mice {rF+ Slay+2} (You found it on level 1 of the Lair of Beasts)
 12976 | Lair:2   | Reached XP level 13. HP: 63/67 MP: 16/18
 13147 | Lair:2   | Noticed a fire dragon
 13181 | Lair:2   | Killed a fire dragon
 13497 | Lair:3   | Found a staircase to the Shoals.
 14184 | Lair:3   | Noticed Gastronok
 14204 | Lair:3   | Killed Gastronok
 14204 | Lair:3   | Reached skill level 5 in Evocations
 14793 | Lair:4   | Found a hole to the Spider Nest.
 15049 | Lair:4   | Found a hide-covered altar of Uskayaw.
 15051 | Lair:4   | Found the ring of the Mage {Wiz MR++ Int+3}
 15920 | Lair:5   | Reached skill level 11 in Short Blades
 16419 | Lair:6   | Entered Level 6 of the Lair of Beasts
 16508 | Lair:6   | Reached XP level 14. HP: 69/74 MP: 20/20
 16511 | Lair:6   | Reached skill level 10 in Armour
 16606 | Lair:6   | Found the +10 zealot's sword {holy, *Rage rN+ EV+3}
 16947 | Lair:6   | Found a staircase to the Slime Pits.
 17312 | Lair:6   | Identified a scroll of acquirement
 17315 | Lair:6   | Got a pair of shimmering gloves
 17326 | Lair:6   | Identified the +2 pair of gloves "Tatoeph" {rPois rN+ rCorr Dex-2} (You acquired it on level 6 of the Lair of Beasts)
 18796 | Orc:1    | Entered Level 1 of the Orcish Mines
 19120 | Orc:2    | Entered Level 2 of the Orcish Mines
 19188 | Orc:2    | Noticed an orc warlord
 19236 | Orc:1    | Killed an orc warlord
 19711 | Orc:2    | Found Ycoibypn's Antique Armour Shop.
 19711 | Orc:2    | Found Aczass's Magic Scroll Shop.
 19711 | Orc:2    | Found Ditaelli's Jewellery Boutique.
 19763 | Orc:2    | Reached skill level 12 in Short Blades
 19787 | Orc:2    | Noticed Nessos
 19791 | Orc:2    | Killed Nessos
 20039 | Orc:2    | Found a staircase to the Elven Halls.
 20243 | Orc:2    | Found Gammoebb's Assorted Antiques.
 20331 | Orc:2    | Bought a coppery potion for 19 gold pieces
 20336 | Orc:2    | Bought an uncursed ring of see invisible for 255 gold pieces
 20337 | Orc:2    | Bought a scroll of teleportation for 42 gold pieces
 20337 | Orc:2    | Bought a scroll of blinking for 105 gold pieces
 20463 | Orc:2    | Noticed Erolcha
 20475 | Orc:2    | Killed Erolcha
 20475 | Orc:2    | Reached XP level 15. HP: 79/79 MP: 22/22
 20885 | Orc:1    | Found a bloodstained altar of Trog.
 21705 | D:13     | Found a frozen archway.
 21726 | IceCv    | Entered an ice cave
 22001 | IceCv    | Found an ancient bone altar of Kikubaaqudgha.
 22351 | IceCv    | Reached skill level 13 in Short Blades
 22742 | D:13     | Found a gate to the Vaults.
 23098 | D:14     | Noticed Snorg
 23126 | D:14     | Killed Snorg
 23149 | D:14     | Found a deep blue altar of Sif Muna.
 23902 | D:14     | Found Dud Hoa's Antique Weapon Boutique.
 23908 | D:14     | Noticed an azure jelly
 23922 | D:14     | Killed an azure jelly
 23922 | D:14     | Reached skill level 14 in Short Blades
 24264 | D:15     | Entered Level 15 of the Dungeon
 24597 | D:15     | Noticed Roxanne
 24727 | D:15     | Found a hazy altar of Hepliaklqana.
 25354 | D:15     | Found a staircase to the Depths.
 25354 | D:15     | Noticed a frost giant
 25371 | D:15     | Killed a frost giant
 26060 | Orc:2    | Bought a polished scale mail for 198 gold pieces
 26072 | Orc:2    | Identified the +6 scale mail of Inference {rElec} (You bought it in a shop on level 2 of the Orcish Mines)
 26278 | Spider:1 | Entered Level 1 of the Spider Nest
 26306 | Spider:1 | Reached XP level 16. HP: 84/84 MP: 23/23
 26411 | Spider:1 | Slain by an entropy weaver

Skill      XL: |  1  2  3  4  5  6  7  8  9 10 11 12 13 14 15 |
---------------+----------------------------------------------+-----
Short Blades   | 2 3 4 5 7 8 9 10 11 12 14 | 14.0
Shields        | 3 4 5 6 7 8 9 |  9.5
Fighting       | 3 4 5 6 7 8 9 |  9.5
Armour         | 3 4 5 6 7 8 9 10 | 10.8
Invocations    | 1 3 4 5 6 7 8 9 |  9.0
Dodging        | 1 2 3 4 5 6 7 8 |  8.1
Evocations     | 4 5 6 |  6.6

Action                   |  1- 3 |  4- 6 |  7- 9 | 10-12 | 13-15 | 16-18 || total
-------------------------+-------+-------+-------+-------+-------+-------++-------
Melee: Rapier            |    87 |   177 |   389 |  1046 |  1656 |    25 ||  3380
       Bite              |    20 |    56 |   149 |   406 |   683 |    16 ||  1330
       Short sword       |       |       |       |     2 |    37 |     6 ||    45
Throw: Javelin           |       |       |       |     3 |     2 |       ||     5
Invok: Grand Finale      |       |       |       |       |     1 |       ||     1
 Abil: Evoke Berserk Rag |       |       |       |     4 |     6 |       ||    10
Evoke: Wand              |       |     4 |     2 |     3 |     7 |       ||    16
  Use: Potion            |       |     1 |     1 |     4 |     1 |       ||     7
       Scroll            |       |     2 |    14 |    11 |    10 |       ||    37
 Stab: Paralysed         |       |     1 |     7 |    37 |    77 |     1 ||   123
       Distracted        |       |       |       |     1 |       |       ||     1
  Eat: Chunk             |       |     6 |    13 |    34 |    41 |       ||    94
       Ration            |       |       |       |     1 |     3 |       ||     4
Armor: Scale mail        |    32 |    68 |   136 |     1 |     3 |    14 ||   254
       Chain mail        |       |       |       |   199 |       |       ||   199
       Ring mail         |       |       |       |    27 |   280 |       ||   307
Dodge: Dodged            |    22 |    52 |    83 |   283 |   614 |    27 ||  1081
Block: Shield            |    49 |    86 |   175 |   631 |   713 |    18 ||  1672
       Reflection        |       |       |       |    14 |       |       ||    14
